 Dungeon Crawl Stone Soup version 0.31.0-9-g3a7656b989 (webtiles) character file.

Game seed: 3303028758636981357

158 qw the Shooter (level 5, -4/26 HPs)
             Began as a Spriggan Hunter on Feb 3, 2024.
             Slain by a lemure (6 damage)
             ... led by Pikel
             ... on level 4 of the Dungeon.
             The game lasted 00:00:07 (2228 turns).

qw the Shooter (Spriggan Hunter)                    Turns: 2228, Time: 00:00:08

Health: -4/26      AC:  2    Str:  7    XL:     5   Next: 16%
Magic:  6/6        EV: 20    Int: 10    God:
Gold:   214        SH:  5    Dex: 21    Spells: 4/4 levels left

rFire   . . .        a - +0 shortbow
rCold   . . .        (shield currently unavailable)
rNeg    . . .        c - +0 robe
rPois   .            (helmet restricted)
rElec   .            (no cloak)
rCorr   .            (gloves unavailable)
SInv    +            (boots unavailable)
Will    .....        f - amulet of reflection
Stlth   ++           (no ring)
HPRegen 0.24/turn    (no ring)
MPRegen 0.10/turn

%: reflection
@: about to teleport, very quick
A: very small, no large weapons, unfitting armour, see invisible, speed 3
a: no special abilities


You were on level 4 of the Dungeon.
You visited 1 branch of the dungeon, and saw 4 of its levels.

You collected 214 gold pieces.


Innate Abilities, Weirdness & Mutations

You are very small and have problems with some larger weapons.
You are too small for most types of armour.
You have supernaturally acute eyesight. (SInv)
You cover ground extremely quickly. (Speed+++)


   Skills:
 - Level 2.0 Fighting
 + Level 5.4 Ranged Weapons
 - Level 5.0 Dodging
 - Level 1.5 Stealth


You had 4 spell levels left.
You didn't know any spells.
Your spell library was empty.

Inventory:

Hand Weapons
 a - a +0 shortbow (weapon)
Armour
 c - a +0 robe (worn)
Jewellery
 f - an amulet of reflection (around neck)
Wands
 h - a wand of charming (11)
Potions
 d - a potion of curing {unknown}
 e - a potion of heal wounds
 g - a potion of brilliance {unknown}
 k - a potion of might {unknown}

Dungeon Overview and Level Annotations

Branches:
Dungeon (4/15)
 Temple: D:4-7

Altars:


Message History

You shoot an arrow. The arrow hits the lemure.
The lemure is severely wounded.
The lemure hits you!
You shoot an arrow.
The arrow hits the lemure but does no damage.
The lemure is severely wounded.
You block the lemure's attack.
You shoot an arrow. The arrow barely misses the lemure.
You block the lemure's attack.
You shoot an arrow. The arrow hits the lemure.
The lemure is severely wounded.
The lemure hits you!
You shoot an arrow.
The arrow hits the lemure but does no damage.
The lemure is severely wounded.
The lemure completely misses you. The lemure barely misses you.
You shoot an arrow. The arrow hits the lemure.
The lemure is severely wounded.
The lemure misses you.
You shoot an arrow. The arrow completely misses the lemure.
You block the lemure's attack.
You shoot an arrow. The arrow closely misses the lemure.
The lemure completely misses you.
You shoot an arrow. The arrow barely misses the lemure.
You block the lemure's attack.
You shoot an arrow.
The arrow hits the lemure but does no damage.
The lemure is severely wounded.
The lemure hits you.
You shoot an arrow. The arrow misses the lemure.
The lemure completely misses you.
You shoot an arrow. The arrow closely misses the lemure.
The lemure misses you. x2
You shoot an arrow. The arrow barely misses the lemure.
The lemure hits you.
2228 ||| READING scroll of teleportation.
As you read the scroll of teleportation, it crumbles to dust.
You feel strangely unstable. The lemure hits you.
You die...

.#.#.. #.#.#.##
##...##
...##5##...#..# ##+#
.#....%.%#.#.# #.#
##.###.##...# # #.#
).......g..#.##.#
####.####
#.###.###.##...#
#.......#
............####
#........
##.###.###5##..#
#(#...#.# ##
####@##.#.###....##.#
#.##........####.#
#.####.###.#####.#
#......# #.......#
######## #########


You could see a lemure.

Vanquished Creatures
  A bombardier beetle (D:3)
  A sleepcap (D:3)
  An adder (D:3)
  3 ribbon worms
  5 dart slugs
  5 orcs (D:3)
  5 endoplasms
  3 giant cockroaches
  2 goblins
  10 hobgoblins
  3 jackals (D:3)
  4 kobolds
  7 quokkas
  3 ball pythons
  6 bats
  A frilled lizard (D:2)
  3 rats
63 creatures vanquished.

Notes
Turn   | Place    | Note
-------+----------+-------------------------------------------
     0 | D:1      | qw the Spriggan Hunter began the quest for the Orb.
     0 | D:1      | Reached XP level 1. HP: 10/10 MP: 2/2
     0 | D:1      | 0 ||| qw: Version: 0.3-a-155-g5e7d8dd
     0 | D:1      | 0 ||| qw: Game counter: 2978
     0 | D:1      | 0 ||| qw: Melee chars always use a shield: true
     0 | D:1      | 0 ||| qw: God list: Okawaru
     0 | D:1      | 0 ||| qw: Allow faded altars: false
     0 | D:1      | 0 ||| qw: Do Orc after clearing Dungeon:15 true
     0 | D:1      | 0 ||| qw: Do second Lair branch before Depths: true
     0 | D:1      | 0 ||| qw: Lair rune preference: random
     0 | D:1      | 0 ||| qw: Goals: Normal
     0 | D:1      | 0 ||| PLANNING D:1-11
    74 | D:1      | Reached skill level 3 in Dodging
   109 | D:1      | Reached XP level 2. HP: 8/14 MP: 3/3
   353 | D:1      | Reached XP level 3. HP: 18/18 MP: 4/4
   535 | D:1      | 535 ||| UPGRADING to amulet of reflection.
   540 | D:1      | 540 ||| READING scroll labelled GURGHU TYSUTI.
   540 | D:1      | 540 ||| IDENTIFYING bubbling silvery potion
   541 | D:1      | 541 ||| DROPPING scroll of butterflies.
   890 | D:2      | Identified the +3 leather armour of the Four Demons {Fly
                  | rPois Str+3 Stlth-}
  1307 | D:2      | 1307 ||| READING scroll labelled YTEOTI VIOSOAW.
  1374 | D:3      | Reached XP level 4. HP: 22/22 MP: 5/5
  1517 | D:3      | Reached XP level 5. HP: 26/26 MP: 6/6
  1984 | D:3      | 1984 ||| READING scroll labelled USE TUIFYHUDGH.
  1985 | D:3      | 1985 ||| READING scroll labelled WUBLUPN JEUGH.
  2199 | D:4      | Noticed a lemure
  2202 | D:4      | 2202 ||| FLEEEEING.
  2203 | D:4      | 2203 ||| FLEEEEING.
  2204 | D:4      | 2204 ||| FLEEEEING.
  2205 | D:4      | 2205 ||| FLEEEEING.
  2206 | D:4      | 2206 ||| FLEEEEING.
  2227 | D:4      | HP: 2/26 [lemure[Pikel] (6)]
  2228 | D:4      | 2228 ||| READING scroll of teleportation.
  2228 | D:4      | Slain by a lemure

Levels and vault maps discovered:
D:1:      minmay_arrival_wavy_path, layout_rooms, bh_walls_and_bars
D:2:      layout_basic
D:3:      layout_basic, serial_park_tiny_pond
D:4:      layout_loops_corners, nicolae_concentric_dashed_squares_wild,
          minmay_a_box_with_orc_wizards_in_it, uniq_robin, uniq_pikel,
          uniq_menkaure

Skill      XL: |  1  2  3  4 |
---------------+-------------+-----
Dodging        | 3 4 5 |  5.0
Ranged Weapons | 5 |  5.4
Fighting       | 2 |  2.0
Stealth        | |  1.5

Action                     |  1- 3 |  4- 6 || total
---------------------------+-------+-------++-------
   Fire: Shortbow          |   130 |    70 ||   200
    Use: Scroll            |     2 |     3 ||     5
 Armour: Robe              |     8 |    10 ||    18
  Dodge: Dodged            |    31 |    22 ||    53
  Block: Other             |     9 |    10 ||    19
         Reflection        |     2 |       ||     2

Table legend:
 A = Non-vault XP
 B = Vault XP
 C = Vault XP percentage of total XP
 D = Non-vault monster count
 E = Vault monster count
 F = Vault count percentage of total count
                 A         B        C        D         E       F
            +---------+---------+-------+---------+---------+-------
      Total |     227 |       0 |   0.0 |      63 |       0 |   0.0
            +---------+---------+-------+---------+---------+-------
        D:1 |      42 |       0 |   0.0 |      19 |       0 |   0.0
        D:2 |      37 |       0 |   0.0 |      17 |       0 |   0.0
        D:3 |     138 |       0 |   0.0 |      23 |       0 |   0.0
        D:4 |      10 |       0 |   0.0 |       4 |       0 |   0.0
            +---------+---------+-------+---------+---------+-------
